 Dungeon Crawl Stone Soup version 0.29.0-7-g18a832c13a (webtiles) character file.

Game seed: 17392982100115034671

1390 lonewolfV2 the Chopper (level 8, -1/67 HPs)
             Began as a Demigod Fighter on Aug 31, 2022.
             Slain by a gnoll sergeant
             ... wielding a +0 trident
              (15 damage)
             ... on level 5 of the Dungeon.
             The game lasted 00:06:32 (6165 turns).

lonewolfV2 the Chopper (Demigod Fighter)            Turns: 6165, Time: 00:06:32

Health: -1/67      AC:  7    Str: 25    XL:     8   Next: 17%
Magic:  10/10      EV: 10    Int:  7    God:
Gold:   269        SH:  5    Dex: 13    Spells: 7/7 levels left

rFire   + + .      SeeInvis .   a - +0 war axe (vamp)
rCold   . . .      Faith    .   c - +0 buckler
rNeg    . . .      Spirit   .   b - +0 scale mail
rPois   +          Reflect  .   (no helmet)
rElec   .          Harm     .   (no cloak)
rCorr   +          Rampage  .   (no gloves)
Will    .....                   (no boots)
Stlth   +.........              (no amulet)
HPRegen 0.21/turn               f - ring of Miracles {rPois rF++ rCorr Int-3 Stlth+}
MPRegen 0.12/turn               (no ring)

@: no status effects
A: high MP 1, forlorn, divine attributes
a: no special abilities


You were on level 5 of the Dungeon.
You visited 1 branch of the dungeon, and saw 5 of its levels.

You collected 269 gold pieces.

Inventory:

Hand Weapons
 a - a +0 vampiric war axe (weapon)
Armour
 b - a +0 scale mail (worn)
 c - a +0 buckler (worn)
Jewellery
 f - the ring of Miracles (left hand) {rPois rF++ rCorr Int-3 Stlth+}
   (You acquired it on level 1 of the Dungeon)

   [ring of poison resistance]

   Int:       It affects your intelligence (-3).
   rF:        It greatly protects you from fire.
   rPois:     It protects you from poison.
   rCorr:     It protects you from acid and corrosion.
   Stlth:     It makes you more stealthy.
 n - a ring of see invisible
Wands
 g - a wand of polymorph (6)
 t - a wand of paralysis (4)
Scrolls
 k - 2 scrolls of fear
 l - a scroll of identify
 q - a scroll of magic mapping
Potions
 d - a potion of might
 e - a potion of cancellation
 h - a potion of brilliance
 m - a potion of magic {unknown}
 o - a potion of mutation {unknown}
 p - a potion of flight {unknown}


   Skills:
 + Level 4.3 Fighting
 + Level 6.6 Axes
 + Level 5.0 Armour
 + Level 2.4 Dodging
 + Level 1.4 Stealth
 + Level 3.9 Shields


You had 7 spell levels left.
You didn't know any spells.
Your spell library contained the following spells:

 Spells                   Type           Power      Damage    Failure   Level
 Dazzling Flash           Conj/Hex       0%         N/A       99%         3
 Iskenderun's Mystic Bla  Conj/Tloc      0%         2d3       100%        4
 Agony                    Necr           0%         N/A       100%        5
 Silence                  Hex/Air        0%         N/A       100%        5
 Starburst                Conj/Fire      0%         6d3       100%        6


Dungeon Overview and Level Annotations

Branches:
Dungeon (5/15)             Temple (0/1) D:5


Innate Abilities, Weirdness & Mutations

You have an increased reservoir of magic. (+10% MP)
You shall have no god before yourself.
Your divine heritage dramatically boosts your attributes as you level up.


Message History

You start resting.
A gnoll sergeant comes into view. It is wielding a +0 trident.
A gnoll sergeant is nearby!
A gnoll sergeant is nearby!
A gnoll sergeant is nearby!
You are confused.
You feel invigorated.
The gnoll sergeant shouts!
You see here a +0 flail.
You bump into the rock wall.
You feel less invigorated.
You feel less confused. The gnoll sergeant closely misses you.
You hit the gnoll sergeant but do no damage.
You block the gnoll sergeant's attack.
You slash the gnoll sergeant!
The gnoll sergeant is moderately wounded.
The gnoll sergeant hits you with a +0 trident!
* * * LOW HITPOINT WARNING * * *
You slash the gnoll sergeant!
You feel better.
The gnoll sergeant is severely wounded.
You block the gnoll sergeant's attack.
You hit the gnoll sergeant but do no damage.
The gnoll sergeant is severely wounded.
The gnoll sergeant hits you with a +0 trident!
* * * LOW HITPOINT WARNING * * *
You barely miss the gnoll sergeant.
The gnoll sergeant is severely wounded.
The gnoll sergeant barely misses you.
The gnoll sergeant hits you with a +0 trident.
* * * LOW HITPOINT WARNING * * *
You closely miss the gnoll sergeant.
The gnoll sergeant is severely wounded.
The gnoll sergeant barely misses you.
You barely miss the gnoll sergeant.
The gnoll sergeant is severely wounded.
The gnoll sergeant barely misses you.
You hit the gnoll sergeant but do no damage.
The gnoll sergeant is severely wounded.
The gnoll sergeant hits you with a +0 trident!
You die...

##.#.. ''#. ##......
..... #....... .....
. #......# ......
#.#......## $.....
#...<.....## #.....g
...........##.......
.......g..).)..#
...#...@)).)..##
...###........##
...#.#.#.......##
........))).....#
..........###....$..
..............####.#
..#
...............###.#
...
...##...###..##....
#..
...#........##.#....


You could see a gnoll sergeant.

Vanquished Creatures
  An ice beast (D:5)
  A black bear (D:5)
  An ogre (D:4)
  A wolf (D:5)
  A phantom (D:4)
  Blork the orc (D:5)
  A gnoll sergeant (D:5)
  A scorpion (D:4)
  5 hounds (D:5)
  2 orc priests (D:5)
  4 gnoll boudas (D:5)
  Natasha (thrice) (D:2)
  An iguana (D:5)
  19 gnolls
  10 adders
  A white imp (D:5)
  A worm (D:3)
  4 dart slugs
  An orc (D:5)
  4 ball pythons
  8 endoplasms
  2 giant cockroaches
  5 goblins
  5 hobgoblins
  6 jackals
  3 quokkas
  5 bats
  2 frilled lizards
  7 kobolds
  3 rats
109 creatures vanquished.

Vanquished Creatures (others)
  A plant (D:1)
1 creature vanquished.

Grand Total: 110 creatures vanquished

Notes
Turn   | Place    | Note
-------+----------+-------------------------------------------
     0 | D:1      | lonewolfV2 the Demigod Fighter began the quest for the Orb.
     0 | D:1      | Reached XP level 1. HP: 18/18 MP: 3/3
   242 | D:1      | Reached XP level 2. HP: 21/25 MP: 4/4
   370 | D:1      | Identified a scroll of acquirement
   370 | D:1      | Acquired the ring of Miracles {rPois rF++ rCorr Int-3
                  | Stlth+}
   431 | D:1      | Reached skill level 2 in Axes
   622 | D:1      | Reached skill level 1 in Dodging
  1274 | D:2      | Reached XP level 3. HP: 19/31 MP: 5/5
  1690 | D:2      | Noticed Natasha
  1698 | D:2      | Killed Natasha
  1699 | D:2      | Reached XP level 4. HP: 24/38 MP: 6/6
  2020 | D:2      | Noticed Natasha
  2026 | D:2      | Killed Natasha
  2502 | D:2      | Noticed Natasha
  2512 | D:2      | Killed Natasha
  3215 | D:3      | Reached skill level 3 in Axes
  3215 | D:3      | Reached XP level 5. HP: 41/45 MP: 7/7
  3941 | D:4      | Reached skill level 1 in Stealth
  4199 | D:4      | Reached XP level 6. HP: 51/51 MP: 8/8
  4215 | D:4      | Reached skill level 4 in Axes
  4742 | D:5      | Entered Level 5 of the Dungeon
  5011 | D:5      | Found a staircase to the Ecumenical Temple.
  5016 | D:5      | Reached XP level 7. HP: 56/58 MP: 9/9
  5054 | D:5      | Noticed Blork the orc
  5064 | D:5      | Killed Blork the orc
  5065 | D:5      | Reached skill level 5 in Axes
  5162 | D:5      | Reached skill level 6 in Axes
  5678 | D:5      | Identified the +4 robe "Imepeona" {rElec Int+2}
  5719 | D:5      | Reached XP level 8. HP: 66/66 MP: 10/10
  6100 | D:5      | Reached skill level 5 in Armour
  6139 | D:5      | HP: 3/67 [gnoll/+0 halberd (9)]
  6165 | D:5      | Slain by a gnoll sergeant

Illustrated notes

Levels and vault maps discovered:
D:1:      lemuel_arrival_muddy, layout_loops_ring,
          ebering_ecumenical_altar_webs, serial_bayou_lake_a
D:2:      layout_basic, minmay_close_crescents, uniq_natasha
D:3:      layout_basic, grunt_dithmenos_smoke
D:4:      layout_loops_ring, gammafunk_temple_overflow_wave,
          supply_closet_lemuel
D:5:      layout_cave_pools, temple_fountains, serial_gnoll_camp,
          gnoll_camp_mini_hut, gnoll_camp_huts_basic, gnoll_camp_mini_basic,
          gnoll_camp_mini_hut, gnoll_camp_mini_basic, gnoll_camp_medium_01,
          nicolae_wooded_promenade, uniq_blork_the_orc

Skill      XL: |  1  2  3  4  5  6  7  8 |
---------------+-------------------------+-----
Axes           | 2 3 4 6 |  6.6
Dodging        | 1 2 |  2.4
Armour         | 3 4 5 |  5.0
Fighting       | 3 4 |  4.3
Shields        | 3 |  3.9
Stealth        | 1 |  1.4

Action                   |  1- 3 |  4- 6 |  7- 9 || total
-------------------------+-------+-------+-------++-------
Melee: War axe           |   104 |   113 |   131 ||   348
  Use: Scroll            |     5 |     9 |     2 ||    16
       Potion            |       |       |     7 ||     7
Armor: Scale mail        |    79 |    49 |    49 ||   177
Dodge: Dodged            |    66 |    47 |   108 ||   221
Block: Buckler           |    33 |    26 |    62 ||   121
